 Dungeon Crawl Stone Soup version 0.31.0-11-ge490571c62 (webtiles) character file.

Game seed: 6890530758689495843

518 qw the Skirmisher (level 7, -2/40 HPs)
             Began as a Deep Elf Hunter on Feb 4, 2024.
             Slain by a black bear (5 damage)
             ... on level 4 of the Dungeon.
             The game lasted 00:00:13 (3249 turns).

qw the Skirmisher (Deep Elf Hunter)                 Turns: 3249, Time: 00:00:14

Health: -2/40      AC: 10    Str: 10    XL:     7   Next: 1%
Magic:  9/9        EV: 11    Int: 14    God:
Gold:   266        SH:  0    Dex: 18    Spells: 6/6 levels left

rFire   + . .        a - +0 shortbow
rCold   . . .        (shield currently unavailable)
rNeg    . . .        d - +5 ring mail {rF+}
rPois   .            (no helmet)
rElec   .            (no cloak)
rCorr   .            (no gloves)
SInv    .            (no boots)
Will    .....        (no amulet)
Stlth   +            (no ring)
HPRegen 0.26/turn    (no ring)
MPRegen 0.11/turn

%: no passive effects
@: no status effects
A: no striking features
a: no special abilities


You were on level 4 of the Dungeon.
You visited 1 branch of the dungeon, and saw 4 of its levels.

You collected 266 gold pieces.


   Skills:
 - Level 2.0 Fighting
 + Level 10.7 Ranged Weapons
 - Level 3.0 Dodging
 - Level 1.2 Stealth


You had 6 spell levels left.
You didn't know any spells.
Your spell library was empty.

Inventory:

Hand Weapons
 a - a +0 shortbow (weapon)
Armour
 d - a +5 ring mail of fire resistance (worn)
 g - a +2 helmet
Scrolls
 h - a scroll of identify
Potions
 b - a potion of cancellation {unknown}
 c - a potion of invisibility {unknown}
 e - a potion of haste {unknown}
 i - a potion of magic {unknown}

Dungeon Overview and Level Annotations

Branches:
Dungeon (4/15)
 Temple: D:4-7

Altars:
Gozag
Zin

Annotations:
D:3 2 transporters
D:4 Blork the orc


Message History

You shoot an arrow. The arrow hits Ijyb!
Ijyb is almost dead.
The giant cockroach waves its antennae.
The orc closely misses you.
The black bear bites you but does no damage.
The black bear barely misses you. The black bear claws you.
Something hits you but does no damage. Ijyb hits you but does no damage.
You shoot an arrow. The arrow hits Ijyb.
You kill Ijyb!
The black bear bites you. The black bear claws you.
The black bear claws you but does no damage.
The orc hits you but does no damage.
You hear some strange, mumbled words.
Something tries to affect you, but you resist.
You have reached level 7!
You shoot an arrow. The arrow hits the black bear!
The black bear is moderately wounded.
The black bear misses you. The black bear claws you.
The black bear claws you but does no damage.
You hear some strange, mumbled words.
A puff of flame appears from out of thin air!
The puff of flame hits you. You resist.
You shoot an arrow. The arrow hits the orc!
You kill the orc!
The black bear closely misses you.
The black bear claws you but does no damage.
The black bear closely misses you. Something hits you. The orc misses you.
You shoot an arrow.
The arrow closely misses the black bear.
The giant cockroach bites you but does no damage.
Blork the orc gestures at you while chanting.
The puff of frost misses you. The black bear bites you.
The black bear claws you but does no damage. x2
The orc hits you with a +0 mace. Something hits you but does no damage.
You shoot an arrow. The arrow hits the black bear!
The black bear is severely wounded.
The giant cockroach barely misses you.
Blork the orc gestures at you while chanting.
The puff of flame hits you. You resist. The black bear bites you.
You die...

###### #._..._.#. #....#
#.......#. #....#
#########. #....# #.....
#....# #.<... #....#
#..... #....#### #.....
#.B..>..#### #.....
#.o@.##....####.....
......{)h.......>.......
......o......##.####...#
.............##.#......#
.............#.......#.#
..................#.....
.)................).....
........####............
#. ###........).


You could see Blork the orc, a black bear, an orc and a giant cockroach.

Vanquished Creatures
  Edmund (D:4)
  A black bear (D:4)
  A jelly (D:4)
  An orc priest (D:4)
  Ijyb (D:4)
  Natasha (thrice) (D:3)
  3 gnolls (D:2)
  4 adders (D:2)
  2 dart slugs
  9 orcs
  4 bats
  8 endoplasms
  A giant cockroach (D:4)
  7 goblins
  3 hobgoblins
  3 jackals (D:3)
  5 quokkas
  7 ball pythons
  3 frilled lizards
  5 kobolds
  11 rats
83 creatures vanquished.

Notes
Turn   | Place    | Note
-------+----------+-------------------------------------------
     0 | D:1      | qw the Deep Elf Hunter began the quest for the Orb.
     0 | D:1      | Reached XP level 1. HP: 12/12 MP: 3/3
     0 | D:1      | 0 ||| qw: Version: 0.3-a-160-g6735b56
     0 | D:1      | 0 ||| qw: Game counter: 5303
     0 | D:1      | 0 ||| qw: Melee chars always use a shield: true
     0 | D:1      | 0 ||| qw: God list: Okawaru
     0 | D:1      | 0 ||| qw: Allow faded altars: false
     0 | D:1      | 0 ||| qw: Do Orc after clearing Dungeon:15 true
     0 | D:1      | 0 ||| qw: Do second Lair branch before Depths: true
     0 | D:1      | 0 ||| qw: Lair rune preference: random
     0 | D:1      | 0 ||| qw: Goals: Normal
     0 | D:1      | 0 ||| PLANNING D:1-11
    54 | D:1      | Reached skill level 6 in Ranged Weapons
    54 | D:1      | Reached XP level 2. HP: 16/16 MP: 4/4
   713 | D:1      | 713 ||| UPGRADING to +0 ring mail.
   723 | D:1      | 723 ||| DROPPING +0 leather armour.
   724 | D:1      | 724 ||| READING scroll labelled YDATZYETOC.
   725 | D:1      | 725 ||| READING scroll labelled BIPSUG FAHOALAO.
   725 | D:1      | 725 ||| IDENTIFYING silvery potion
   726 | D:1      | 726 ||| READING scroll labelled RUULAT NUDICYO.
   727 | D:1      | 727 ||| DROPPING scroll of butterflies.
   728 | D:1      | 728 ||| DROPPING potion of brilliance.
   836 | D:2      | Reached XP level 3. HP: 20/20 MP: 5/5
   897 | D:2      | HP: 5/20 [poisoned by an adder]
  1019 | D:2      | Reached skill level 7 in Ranged Weapons
  1028 | D:2      | 1028 ||| RETREEEEATING.
  1034 | D:2      | 1034 ||| RETREEEEATING.
  1042 | D:2      | Reached XP level 4. HP: 8/25 MP: 6/6
  1382 | D:2      | Found an opulent altar of Gozag.
  1509 | D:2      | 1509 ||| UPGRADING to +1 ring mail of fire resistance.
  1519 | D:2      | 1519 ||| DROPPING +0 ring mail.
  1554 | D:3      | 1554 ||| STAIRDANCE
  1559 | D:3      | 1559 ||| STAIRDANCE
  1569 | D:2      | Reached skill level 8 in Ranged Weapons
  1638 | D:3      | Noticed Natasha
  1650 | D:3      | Killed Natasha
  1651 | D:3      | Reached XP level 5. HP: 14/29 MP: 7/7
  1815 | D:3      | Found a transporter.
  1836 | D:3      | Found a transporter.
  1950 | D:3      | Noticed Natasha
  1951 | D:3      | 1951 ||| READING scroll labelled DIJACI CYBE.
  2069 | D:3      | HP: 4/29 [Natasha (8)]
  2072 | D:3      | Killed Natasha
  2189 | D:3      | Noticed Natasha
  2200 | D:3      | Killed Natasha
  2201 | D:3      | Reached skill level 9 in Ranged Weapons
  2282 | D:3      | Identified the +9 spear of the Bright God {elec, Int+3}
  2345 | D:3      | Found a faded altar of an unknown god.
  2645 | D:3      | 2645 ||| READING scroll labelled TOIP HAMIKI.
  2645 | D:3      | 2645 ||| ENCHANTING +1 ring mail of fire resistance.
  2646 | D:3      | 2646 ||| DRINKING 2 lumpy inky potions.
  2688 | D:4      | Found a glowing silver altar of Zin.
  2689 | D:4      | Found an opulent altar of Gozag.
  2763 | D:4      | 2763 ||| READING 3 scrolls of enchant armour.
  2763 | D:4      | 2763 ||| ENCHANTING +2 ring mail of fire resistance.
  2764 | D:4      | 2764 ||| READING 2 scrolls of enchant armour.
  2764 | D:4      | 2764 ||| ENCHANTING +3 ring mail of fire resistance.
  2765 | D:4      | 2765 ||| READING scroll of enchant armour.
  2765 | D:4      | 2765 ||| ENCHANTING +4 ring mail of fire resistance.
  2894 | D:4      | Noticed Edmund
  2898 | D:4      | 2898 ||| RETREEEEATING.
  2900 | D:4      | 2900 ||| RETREEEEATING.
  2901 | D:4      | 2901 ||| RETREEEEATING.
  2916 | D:4      | Killed Edmund
  2917 | D:4      | Reached skill level 10 in Ranged Weapons
  2917 | D:4      | Reached XP level 6. HP: 10/35 MP: 8/8
  3037 | D:4      | Reached skill level 3 in Dodging
  3229 | D:4      | Noticed Ijyb
  3238 | D:4      | Noticed Blork the orc
  3243 | D:4      | 3243 ||| DRINKING potion of curing.
  3243 | D:4      | 3243 ||| (to cure confusion)
  3245 | D:4      | Killed Ijyb
  3246 | D:4      | Reached XP level 7. HP: 23/40 MP: 9/9
  3248 | D:4      | HP: 6/40 [orc/+0 mace (6)]
  3249 | D:4      | Slain by a black bear

Levels and vault maps discovered:
D:1:      dpeg_arrival_tiny_i, layout_loops_ring
D:2:      layout_basic, basic_altar, minmay_misc_feat_square
D:3:      gammafunk_wand_slinger, layout_loops_corners,
          chequers_ecumenical_altar_lobes, st_stairs_11, uniq_natasha
D:4:      layout_rooms, grunt_temple_overflow_gold_and_silver,
          hangedman_abyss_or_decor_stabs, kennysheep_generic_room_7,
          uniq_edmund, uniq_blork_the_orc, uniq_ijyb

Skill      XL: |  1  2  3  4  5  6 |
---------------+-------------------+-----
Ranged Weapons | 6 7 8 10 | 10.7
Fighting       | 2 |  2.0
Dodging        | 3 |  3.0
Stealth        | |  1.2

Action                     |  1- 3 |  4- 6 |  7- 9 || total
---------------------------+-------+-------+-------++-------
   Fire: Shortbow          |    83 |   198 |     4 ||   285
    Use: Scroll            |     3 |     5 |       ||     8
         Potion            |       |     2 |       ||     2
 Armour: Leather armour    |     3 |       |       ||     3
         Ring mail         |    12 |   106 |    13 ||   131
  Dodge: Dodged            |    24 |    94 |     6 ||   124

Table legend:
 A = Non-vault XP
 B = Vault XP
 C = Vault XP percentage of total XP
 D = Non-vault monster count
 E = Vault monster count
 F = Vault count percentage of total count
                 A         B        C        D         E       F
            +---------+---------+-------+---------+---------+-------
      Total |     480 |     261 |  35.2 |      73 |      10 |  12.0
            +---------+---------+-------+---------+---------+-------
        D:1 |      35 |       0 |   0.0 |      21 |       0 |   0.0
        D:2 |     111 |      14 |  11.2 |      22 |       2 |   8.3
        D:3 |      86 |      41 |  32.3 |      11 |       4 |  26.7
        D:4 |     248 |     206 |  45.4 |      19 |       4 |  17.4
            +---------+---------+-------+---------+---------+-------
